Unix NetHack Version 3.7.0-64 Work-in-progress - last build Sep 20 2022 13:51:49 (2efdc47de06bbc12dbc956ebf73d51181633095d,branch:master). Game began 2022-09-21 19:36:31, ended 2022-09-21 19:43:42. Gandelf, neutral male human Monk ---- -..-- .h..-- -....---- |.G.....-- - ----..........| ----...).@)....--- -.....<....G.--- |...............-- - ----.....------ |......| --.....- ...... |...|.. --.---. -- --- Gandelf the Novice St:17 Dx:13 Co:12 In:9 Wi:13 Ch:10 Neutral S:506 Dlvl:6 $:36 HP:0(20) Pw:16(16) AC:4 Xp:3/55 T:1548 Hungry Burdened Latest messages: You finish your dressing maneuver. A gray stone misses you. You are hit by a gray stone. In what direction? n You hear crashing rock. You see here a gray stone. B - a gray stone. What do you want to call? [ac-ejlnr-vyB or ?*] B Call a gray stone: gray1 You see here a stone called gray1. B - a stone called gray1 (2 in total). You see here 10 rocks. A stone called gray1 misses you. You materialize in a different location! You hear some noises in the distance. You hear crashing rock. You hear crashing rock. You kill the gnome! You see here a gnome corpse. You hear some noises in the distance. You are beginning to feel hungry. What do you want to eat? [f-imop or ?*] / You don't have that object. What do you want to eat? [f-imop or ?*] ? It is not so easy to open this tin. You have a sad feeling for a moment, then it passes. A runed dagger misses you. You stop opening the tin. You see here a harp. C - a harp. You hear crashing rock. You hear a chugging sound. You descend the stairs. You hit the gnome! The gnome strikes at your displaced image and misses you! The gnome wields a bow! You kill the gnome! The gnome shoots an arrow! You are hit by an arrow. The gnome throws a dagger! A dagger misses you. The gnome throws a dagger! KAABLAMM!!! You triggered a land mine! Your movements are slowed slightly because of your load. You die... Do you want your possessions identified? [ynq] (y) y Do you want to see your attributes? [ynq] (y) y Do you want an account of creatures vanquished? [ynaq] (y) y Do you want to see your conduct and achievements? [ynq] (y) y Do you want to see the dungeon overview? [ynq] (y) y Inventory: Coins $ - 36 gold pieces Weapons x - a +0 crossbow bolt w - a +2 bow Armor a - an uncursed +2 pair of leather gloves (being worn) y - an uncursed +0 pair of iron shoes (being worn) j - an uncursed +0 cloak of displacement (being worn) b - an uncursed +1 robe Comestibles g - 5 uncursed apples f - 2 uncursed food rations i - 4 uncursed fortune cookies h - 5 uncursed oranges p - an uncursed rotten tin of jackal meat m - a cursed egg o - an uncursed lichen corpse Scrolls d - an uncursed scroll of food detection n - an uncursed scroll of identify v - an uncursed scroll of punishment Spellbooks c - a blessed spellbook of confuse monster Potions t - a cursed potion of healing l - a cursed potion of levitation u - an uncursed potion of restore ability e - 3 uncursed potions of water Tools s - an empty uncursed bag of holding C - an uncursed wooden harp k - an uncursed lock pick z - an uncursed lock pick r - a cursed magic lamp A - a +0 pick-axe Gems/Stones B - 2 uncursed flint stones Gandelf the Monk's attributes: Background: You were a Novice, a level 3 male human Monk. You were neutral, nominally on a mission for Chih Sung-tzu who was opposed by Shan Lai Ching (lawful) and Huan Ti (chaotic). You were in the Gnomish Mines, on level 6. You entered the dungeon 1548 turns ago. You had 55 experience points, 25 more were needed to attain level 4. Your score was 506 before end-of-game adjustments. Basics: You had 0 out of 20 hit points. You had all 16 energy points (spell power). Your armor class was 4. Your wallet contained 36 zorkmids. Autopickup was off. Final Characteristics: Your strength was 17 (limit:18/100). Your dexterity was 13 (base:14, limit:18). Your constitution was 12 (limit:18). Your intelligence was 9 (limit:18). Your wisdom was 13 (limit:18). Your charisma was 10 (limit:18). Final Status: You had wounded legs. You were hungry. You were burdened; movement was slightly slowed. You were empty handed. You had basic skill with martial arts. Final Attributes: You were devoutly aligned. You were sleep resistant. You were poison resistant. You saw invisible. You were displaced. You were warded. You were fast. You are dead. Miscellaneous: You never encountered a bones level. Total elapsed playing time was 7 minutes and 11 seconds. Major events: Turn 1: Gandelf the neutral male human Monk entered the dungeon 1451: entered the Gnomish Mines 1474: attained the rank of Novice (level 3) 1548: killed by a land mine Vanquished creatures: a gnome leader a kitten a dwarf a yellow mold 6 gnomes 3 jackals a kobold a goblin 5 grid bugs 3 lichens 6 newts 29 creatures vanquished. No species were genocided or became extinct. Voluntary challenges: You followed a strict vegan diet. You were an atheist. You never hit with a wielded weapon. You were illiterate. You never engraved Elbereth. You never genocided any monsters. You never polymorphed an object. You never changed form. You used no wishes. Achievements: You entered the Gnomish Mines. You attained the rank of Novice. The Dungeons of Doom: levels 1 to 4 Level 1: Level 2: A sink. Level 3: Level 4: Stairs down to The Gnomish Mines. The Gnomish Mines: levels 5 to 6 Level 5: Level 6: <- You were here. Final resting place for you, killed by a land mine. Game over: ---------- / \ / REST \ / IN \ / PEACE \ / \ | Gandelf | | 36 Au | | killed by a land | | mine | | | | | | 2022 | *| * * * | * _________)/\\_//(\/(/\)/\//\/|_)_______ Goodbye Gandelf the Monk... You died in The Gnomish Mines on dungeon level 6 with 503 points, and 36 pieces of gold, after 1548 moves. You were level 3 with a maximum of 20 hit points when you died.